AoeStats
← naphtaligrauer16

Glade

510580821Analyzed
1v1 RM · 1d ago on Oct 1, 2026· 34m 32s· 2 players
Game mode
Random Map
Map size
Tiny (2 player)
Population
200
Speed
Normal
Resources
Standard
Victory
Conquest
Starting age
Dark Age
Ending age
Imperial Age
RankedLock teamsTeams togetherTeam positionsShared explorationLock speedFull tech treeHidden civsTurbo modeCheats
Victory
Defeat
🇩🇪 Koreans · Germany
1480
+14
🇺🇸 Varangians · United States
1446
-14
TeamSnuff
6:16 Loom
10:13 Feudal Age
14:24 Castle Age
19:09 Double-Bit Axe
24:59 Bow Saw
28:05 Wheelbarrow
32:14 Imperial Age
29:46 Gold Mining
30:01 Fletching
30:30 Scale Barding Armor
30:44 Bodkin Arrow
31:31 Bloodlines
31:25 Husbandry
31:53 Scale Barding Armor
33:54 Masonry
33:57 Cavalier
naphtaligrauer16
6:18 Loom
10:31 Feudal Age
12:06 Horse Collar
12:12 Double-Bit Axe
15:47 Fletching
24:41 Castle Age
25:58 Gold Mining
26:00 Stone Mining
26:20 Bow Saw
29:41 Imperial Age
28:22 Bodkin Arrow
29:18 Eupseong
30:07 Fortified Wall
30:45 Bracer
32:49 Chemistry
34:23 Ballistics
Connection lost

Rejoining the realm…

Still unreachable

The connection could not be restored.

Session expired

The server has moved on; the page needs a fresh start.